 Dungeon Crawl Stone Soup version 0.30-a0-359-gd0147acb1a (webtiles) character file.

Game seed: 4165147053866064092

214 AeshMezareph the Shield-Bearer (level 5, -2/34 HPs)
             Began as a Gargoyle Fighter on Nov 12, 2022.
             Was an Initiate of the Shining One.
             Slain by an iguana (11 damage)
             ... on level 5 of the Dungeon.
             The game lasted 00:05:47 (3288 turns).

AeshMezareph the Shield-Bearer (Gargoyle Fighter)   Turns: 3288, Time: 00:05:48

Health: -2/34      AC: 14    Str: 22    XL:     5   Next: 91%
Magic:  5/5        EV:  6    Int:  8    God:    the Shining One [......]
Gold:   104        SH:  8    Dex:  9    Spells: 4/4 levels left

rFire   . . .      SeeInvis .    a - +0 flail
rCold   + . .      Faith    .    l - +0 kite shield
rNeg    + . .      Spirit   .    q - +0 chain mail {rC+}
rPois   ∞          Reflect  .    (no helmet)
rElec   +          Harm     .    f - +0 cloak
rCorr   .          Rampage  .    (no gloves)
Will    .....                    (no boots)
Stlth   ..........               (no amulet)
HPRegen 0.25/turn                (no ring)
MPRegen 0.09/turn                (no ring)

@: glowing
A: sickness immunity, AC +4, negative energy resistance 1, electricity
resistance, torment resistance 1, petrification resistance
a: Renounce Religion


You were on level 5 of the Dungeon.
You worshipped the Shining One.
The Shining One was noncommittal.
You visited 1 branch of the dungeon, and saw 5 of its levels.

You collected 104 gold pieces.

Inventory:

Hand Weapons
 a - a +0 flail (weapon)
 m - a +0 vampiric war axe
Missiles
 k - 3 atropa-tipped darts (quivered)
 p - 2 throwing nets
Armour
 b - a +0 scale mail
 c - a +0 buckler
 f - a +0 cloak (worn)
 l - a +0 kite shield (worn)
 q - a +0 chain mail of cold resistance (worn)
Scrolls
 e - a scroll of fear {unknown}
 g - 2 scrolls of teleportation {unknown}
 h - a scroll of magic mapping {unknown}
 i - 4 scrolls of identify {unknown}
 j - a scroll of vulnerability {unknown}
Potions
 d - 3 potions of might
 n - 2 potions of heal wounds {unknown}
 o - a potion of flight {unknown}
 r - a potion of degeneration {unknown}
 s - a potion of berserk rage {unknown}
 t - a potion of cancellation {unknown}
 u - a potion of curing {unknown}
 v - a potion of haste {unknown}


   Skills:
 + Level 4.4 Fighting
 - Level 1.2(2.2) Axes
 * Level 3.1(3.3) Maces & Flails
 + Level 4.3 Armour
 + Level 4.4 Shields


You had 4 spell levels left.
You didn't know any spells.
Your spell library was empty.

Dungeon Overview and Level Annotations

Branches:
Dungeon (5/15)
 Temple: D:4-7

Altars:
The Shining One


Innate Abilities, Weirdness & Mutations

You are immune to sickness and miasma.
Your stone body is resilient. (AC +4)
You are immune to poison.
You resist negative energy. (rN+)
You are resistant to electric shocks. (rElec)
You are resistant to unholy torment.
You are immune to petrification.


Message History

The orc shouts!
You hit the orc.
The orc is severely wounded.
The orc hits you with a +0 hand axe.
* * * LOW HITPOINT WARNING * * *
The orc hits you but does no damage.
You closely miss the orc.
The orc is severely wounded.
The orc hits you but does no damage. The orc barely misses you.
The orc attacks as you move away! The orc hits you but does no damage.
The orc noisily roars encouragement to no one in particular.
An iguana comes into view.
The iguana hisses angrily.
The iguana moves out of view.
The orc attacks as you move away! The orc hits you with a +0 hand axe.
* * * LOW HITPOINT WARNING * * *
Found a ring mail.
The orc attacks as you move away! The orc hits you but does no damage.
You block the orc's attack.
You see here a +0 ring mail.
The orc attacks as you move away! You block the orc's attack.
Found 2 stones.
You closely miss the orc.
The orc is severely wounded.
The orc hits you but does no damage. x2
You sock the orc!
You kill the orc!
You thump the orc!
You kill the orc!
The orc hits you but does no damage.
You barely miss the orc. You block the orc's attack.
You hit the orc but do no damage. The orc hits you but does no damage.
You sock the orc!
You kill the orc!
You block the iguana's attack.
You hit the iguana but do no damage. You block the iguana's attack.
You closely miss the iguana. The iguana barely misses you. x2
You closely miss the iguana.
The iguana bites you but does no damage.
You hit the iguana but do no damage. The iguana bites you!
You die...

(.. ..# ..#
#.# .. #.# #.
#.# #( #.#
###.## #@#
##....###l#
#..!#...#.#
###.#....#.#.#
<.......o.l..#
###.#.#.##.#.#
#....##.#.#
##...##.#.#
#........#


You could see an iguana.

Vanquished Creatures
  A scorpion (D:4)
  An iguana (D:3)
  An orc wizard (D:3)
  3 adders
  A worm (D:3)
  8 orcs
  7 ball pythons
  7 bats
  5 endoplasms
  A giant cockroach (D:2)
  5 hobgoblins
  4 jackals
  3 quokkas
  3 frilled lizards
  5 goblins
  7 kobolds
  7 rats
69 creatures vanquished.

Vanquished Creatures (others)
  14 plants (D:3)
14 creatures vanquished.

Grand Total: 83 creatures vanquished

Notes
Turn   | Place    | Note
-------+----------+-------------------------------------------
     0 | D:1      | AeshMezareph the Gargoyle Fighter began the quest for the
                  | Orb.
     0 | D:1      | Reached XP level 1. HP: 14/14 MP: 1/1
   369 | D:1      | Reached XP level 2. HP: 19/19 MP: 2/2
  1410 | D:2      | Reached XP level 3. HP: 23/23 MP: 3/3
  1958 | D:2      | Reached XP level 4. HP: 27/29 MP: 4/4
  2500 | D:3      | Reached skill level 1 in Axes
  2500 | D:3      | Reached XP level 5. HP: 33/33 MP: 5/5
  2790 | D:3      | Found a glowing golden altar of the Shining One.
  2795 | D:3      | Became a worshipper of the Shining One
  3258 | D:5      | Entered Level 5 of the Dungeon
  3288 | D:5      | Slain by an iguana

Illustrated notes

Levels and vault maps discovered:
D:1:      dpeg_arrival_signposts, layout_basic, serial_curves, eino_curves_02,
          eino_curves_01
D:2:      layout_basic
D:3:      layout_loops_ring, mainiacjoe_overflow_cross_hatched,
          minmay_misc_feat_alley, minmay_misc_feat_doors, serial_bayou_lagoon_a,
          chequers_serial_rivers_micro_e, kennysheep_generic_room_4
D:4:      layout_basic, xom_butterflies,
          nicolae_uskayaw_murder_on_the_dancefloor,
          minmay_temple_entry_crystal_x, portal_sewer_entry_e,
          nicolae_shop_i_like_big_books, hangedman_decor_growths,
          skrybe_limestone_x, uniq_grinder
D:5:      layout_loops_ring

Skill      XL: |  1  2  3  4  5 |
---------------+----------------+-----
Fighting       | 4 |  4.4
Armour         | 4 |  4.3
Shields        | 4 |  4.4
Axes           | 1 |  1.2
Maces & Flails | 3 |  3.1

Action                   |  1- 3 |  4- 6 || total
-------------------------+-------+-------++-------
Melee: Flail             |   131 |    45 ||   176
       War axe           |    10 |    77 ||    87
Armor: Scale mail        |   112 |     2 ||   114
       Chain mail        |       |    81 ||    81
Dodge: Dodged            |    68 |    31 ||    99
Block: Buckler           |    30 |       ||    30
       Kite shield       |     4 |    37 ||    41

Table legend: (Time is in decaauts)
 A = Elapsed time spent in this place.
 B = Non-inter-level travel time spent in this place.
 C = Inter-level travel time spent in this place.
 D = Time resting spent in this place.
 E = Time spent auto-exploring this place.
 F = Levels seen in this place.
 G = Mean time per level.
                   A        B        C        D        E       F      G
               +--------+--------+--------+--------+--------+-----+--------+
         Total |   3409 |   3263 |    146 |      0 |   2498 |   5 |  681.8 |
       Dungeon |   3409 |   3263 |    146 |      0 |   2498 |   5 |  681.8 |
               +--------+--------+--------+--------+--------+-----+--------+

Top non-repeatable levels by time:
     D:1: 1424 daAuts
     D:3: 975 daAuts
     D:2: 831 daAuts
     D:4: 140 daAuts
     D:5: 37 daAuts
